 Dungeon Crawl Stone Soup version 0.17.1-1-g73c8601 (webtiles) character file.

7114 Implojin the Grappler (level 10, 0/99 HPs)
             Began as a Troll Monk on Apr 4, 2016.
             Was a High Priest of Cheibriados.
             Slain by a wyvern (4 damage)
             ... on level 4 of the Lair of Beasts.
             The game lasted 00:17:24 (2001 turns).

Implojin the Grappler (Troll Monk)                  Turns: 2001, Time: 00:17:24

Health: 0/99       AC:  5    Str: 40    XL:     10   Next: 85%
Magic:  0/9        EV: 12    Int: 20    God:    Cheibriados [*****.]
Gold:   161        SH:  0    Dex: 29    Spells: 0 memorised, 9 levels left

rFire  . . .     SeeInvis .       - Unarmed
rCold  . . .     Clarity  +     a - +0 robe
rNeg   . . .     SustAt   .     (no shield)
rPois  .         Gourm    +     (helmet restricted)
rElec  .         Spirit   +     (no cloak)
rCorr  .         Warding  .     (gloves unavailable)
rMut   .         Stasis   .     (boots unavailable)
MR     .....                    s - amulet of guardian spirit
Stlth  +++.......               (no ring)
                                x - ring of wizardry

@: mighty, about to teleport, very slow, not resistant to hostile enchantments,
fairly stealthy
A: unfitting armour, claws 3, clarity, fast metabolism 3, frail 1, gourmand,
regeneration 2, shaggy fur 1, tough skin 2
a: Bend Time, Temporal Distortion, Slouch, Step From Time, Renounce Religion


You were on level 4 of the Lair of Beasts.
You worshipped Cheibriados.
Cheibriados was extremely pleased with you.
You were very full.

You visited 2 branches of the dungeon, and saw 15 of its levels.
You also visited: Sewer.

You collected 161 gold pieces.

Inventory:

Missiles
 e - 4 tomahawks (quivered)
Armour
 a - a +0 robe (worn)
Magical Staves
 w - an uncursed staff of death {unknown}
 y - an uncursed staff of power {unknown}
Jewellery
 m - a cursed amulet of inaccuracy {unknown}
 s - an amulet of guardian spirit (around neck)
 x - a ring of wizardry (left claw)
Wands
 q - a wand of fireball (0)
 u - a wand of fire (5)
Scrolls
 g - a scroll of enchant weapon {unknown}
 k - a scroll of fog {unknown}
 n - a scroll of random uselessness {unknown}
 o - a scroll of summoning {unknown}
 p - a scroll of immolation {unknown}
 r - a scroll of silence {unknown}
 v - a scroll of remove curse
 z - a scroll of recharging {unknown}
Potions
 c - 3 potions of magic
 i - 4 potions of flight
 A - a potion of mutation
Comestibles
 b - 4 bread rations
 d - 7 fruits
 f - a meat ration
 t - a royal jelly
 B - a slice of pizza
 C - 4 chunks of flesh


   Skills:
 * Level 10.2 Fighting
 - Level 2.4 Dodging
 - Level 1.1 Stealth
 - Level 12.3 Unarmed Combat


You had 9 spell levels left.
You didn't know any spells.

Dungeon Overview and Level Annotations

Branches:
Dungeon (11/15)              Lair (4/8) D:11            Orc (0/4) D:9
 Temple: D:4-7        Swamp: Lair:3-6    Shoals: Lair:3-6     Snake: Lair:3-6
 Spider: Lair:3-6

Altars:
Ashenzari
Cheibriados
Nemelex Xobeh
Qazlal
Zin

Annotations:
D:7 exclusion: upstairs
Lair:4 Rupert


Innate Abilities, Weirdness & Mutations

You are too large for most types of armour.
You have claws for hands.
Your metabolism is lightning-fast.
You like to eat raw meat.
You heal very quickly.
You are covered in fur (AC +1).
You have very tough skin (AC +2).
You possess an exceptional clarity of mind.
You are frail (-10% HP).


Message History

The hippogriff screeches!
The polar bear growls angrily.
The wyvern moves out of view.
A wyvern and Rupert come into view.
Your surroundings suddenly seem different.
Found 17 sling bullets and 305 gold pieces.
A hydra, a hippogriff, a griffon and a wyvern come into view.
Unknown command.
Read which item? (? for menu, Esc to quit)
As you read the scroll of teleportation, it crumbles to dust.
You feel strangely unstable.
The hippogriff screeches!
A sheep and a fire drake come into view.
Unknown command.
Drink which item? (? for menu, Esc to quit)
It was a potion of mutation.
You feel extremely strange.
You feel frail.
You feel clumsy.
You feel agile. 2 hippogriffs come into view.
Drink which item? (? for menu, Esc to quit)
It was a potion of might.
You feel very mighty all of a sudden.
The wyvern bites you but does no damage.
The hippogriff bites you.
* * * LOW HITPOINT WARNING * * *
The hippogriff misses you. The hippogriff barely misses you.
The wyvern bites you.
* * * LOW HITPOINT WARNING * * *
The wyvern bites you!!
* * * LOW HITPOINT WARNING * * *
A sheep and a fire drake come into view.
Read which item? (? for menu, Esc to quit)
As you read the scroll labeled IFYCLI DAYK, it crumbles to dust.
You feel blessed for a moment.
It was a scroll of remove curse.
Rupert shouts!
The wyvern misses you. The wyvern closely misses you.
Rupert screams, "You killed all those lovely monsters, you murderer!"
The fire drake moves out of view.
The hippogriff completely misses you. The hippogriff barely misses you.
The hippogriff claws you.
* * * LOW HITPOINT WARNING * * *
The wyvern closely misses you. The wyvern bites you.
You die... .H. #.......
Y..Y .k...+..l....
Y+HHH +..l.lhl..
YHDH(

##.P##.#.. #k.D ###
####. #..### #. #...###
.. #..l..#### ##.
#..@.....# ###.+
#...llH.....# ##....
#...P........# #.....
#..........?.#.####.....
...PP#.....?...#.#.+....
..P###...........†..h...
.## #.@.....#..$##.....
#.......#######.!.. .
##.#+


You could see Rupert, an eight-headed hydra (wandering), a four-headed hydra
(wandering), a griffon (wandering), 5 hippogriffs, a fire drake (wandering), 3
wyverns and 4 sheep.

Vanquished Creatures
  A hydra (Lair:3)
  The ghost of Implojin the Fighter, a novice TrFi of Cheibriados (D:10)
  A hill giant (D:11)
  Pikel (D:7)
  Psyche (D:9)
  3 spiny frogs
  A two-headed ogre (D:11)
  3 yaks (Lair:1)
  3 hippogriffs
  2 vampire mosquitoes (Lair:1)
  An orc warrior (D:9)
  4 porcupines
  2 ice beasts
  4 sky beasts
  3 ogres
  2 slaves (D:7)
  3 crocodiles (D:11)
  A necrophage (D:7)
  2 giant frogs
  2 jellies
  A giant frog zombie (D:11)
  A hound (D:4)
  A centaur skeleton (D:7)
  An iguana (Lair:1)
  3 orc wizards (D:9)
  A worker ant (D:5)
  9 sheep (D:11)
  11 gnolls
  2 adders
  7 river rats
  2 shadow imps
  5 oozes
  A worm (Sewer)
  5 giant geckos
  23 orcs
  2 ball pythons
  7 bats
  2 goblins (D:1)
  6 hobgoblins
  7 jackals
  A kobold (D:1)
  3 giant cockroaches
  7 giant newts
  A quokka (D:11)
  6 rats
156 creatures vanquished.

Vanquished Creatures (others)
  4 fungi
  3 plants
7 creatures vanquished.

Grand Total: 163 creatures vanquished

Notes
Turn   | Place    | Note
--------------------------------------------------------------
     0 | D:1      | Implojin the Troll Monk began the quest for the Orb.
     0 | D:1      | Reached XP level 1. HP: 22/22 MP: 0/0
    46 | D:1      | Reached XP level 2. HP: 19/29 MP: 1/1
   105 | D:2      | Found a snail-covered altar of Cheibriados.
   117 | D:2      | Became a worshipper of Cheibriados the Contemplative
   117 | D:2      | Reached * piety under Cheibriados
   117 | D:2      | Reached ** piety under Cheibriados
   148 | D:3      | Reached skill level 5 in Unarmed Combat
   148 | D:3      | Reached XP level 3. HP: 23/36 MP: 2/2
   183 | D:4      | Found a shattered altar of Ashenzari.
   258 | D:4      | Reached XP level 4. HP: 34/44 MP: 3/3
   262 | D:5      | Entered Level 5 of the Dungeon
   262 | D:5      | Found a stormy altar of Qazlal.
   262 | D:5      | Noticed an air elemental
   262 | D:5      | Noticed a fire elemental
   284 | D:4      | Noticed an ogre
   292 | D:4      | Killed an ogre
   292 | D:4      | Reached skill level 6 in Unarmed Combat
   292 | D:4      | Reached XP level 5. HP: 31/50 MP: 4/4
   333 | D:4      | Noticed an ogre
   340 | D:4      | Killed an ogre
   340 | D:4      | Reached skill level 7 in Unarmed Combat
   358 | D:4      | Found a glowing drain.
   381 | Sewer    | Entered a sewer
   392 | Sewer    | Reached XP level 6. HP: 59/59 MP: 5/5
   436 | Sewer    | Reached *** piety under Cheibriados
   790 | D:6      | Reached **** piety under Cheibriados
   791 | D:6      | Reached skill level 8 in Unarmed Combat
   820 | D:7      | Found a glowing silver altar of Zin.
   834 | D:7      | Noticed a hippogriff
   838 | D:7      | Killed a hippogriff
   838 | D:7      | Reached XP level 7. HP: 53/66 MP: 6/6
   900 | D:7      | Reached skill level 9 in Unarmed Combat
   929 | D:7      | Noticed Pikel
   954 | D:7      | Killed Pikel
   954 | D:7      | Reached skill level 10 in Unarmed Combat
   954 | D:7      | Reached XP level 8. HP: 57/74 MP: 7/7
  1044 | D:7      | Reached skill level 11 in Unarmed Combat
  1097 | D:8      | Noticed Psyche
  1108 | D:9      | Found a staircase to the Orcish Mines.
  1166 | D:9      | Found a sparkling altar of Nemelex Xobeh.
  1222 | D:9      | Gained mutation: You possess an exceptional clarity of mind. [potion of beneficial mutation]
  1287 | D:9      | Killed Psyche
  1287 | D:9      | Reached skill level 12 in Unarmed Combat
  1287 | D:9      | Reached XP level 9. HP: 80/80 MP: 8/8
  1305 | D:9      | Reached ***** piety under Cheibriados
  1340 | D:10     | Entered Level 10 of the Dungeon
  1343 | D:10     | Noticed Implojin's ghost (novice TrFi)
  1359 | D:10     | Killed Implojin's ghost
  1359 | D:10     | Reached skill level 5 in Fighting
  1418 | D:11     | Noticed a cyan ugly thing
  1478 | D:11     | Noticed a hill giant
  1487 | D:11     | HP: 1/88 [hill giant/giant club (40)]
  1567 | D:11     | Reached skill level 6 in Fighting
  1611 | D:11     | Found a staircase to the Lair.
  1625 | D:11     | Reached skill level 7 in Fighting
  1644 | D:11     | Reached XP level 10. HP: 53/102 MP: 4/9
  1697 | D:11     | Killed a hill giant
  1726 | Lair:1   | Entered Level 1 of the Lair of Beasts
  1731 | Lair:1   | Reached skill level 8 in Fighting
  1785 | Lair:1   | Reached skill level 9 in Fighting
  1897 | Lair:3   | Noticed a seven-headed hydra
  1938 | Lair:3   | Killed an eight-headed hydra
  1946 | Lair:3   | Reached skill level 10 in Fighting
  1976 | Lair:4   | Noticed a four-headed hydra
  1997 | Lair:4   | Noticed Rupert
  1998 | Lair:4   | Noticed an eight-headed hydra
  1998 | Lair:4   | Noticed a griffon
  1999 | Lair:4   | Gained mutation: You are frail (-10% HP). [potion of mutation]
  1999 | Lair:4   | Gained mutation: You are clumsy. (Dex -2) [potion of mutation]
  1999 | Lair:4   | Lost mutation: You are clumsy. (Dex -2) [potion of mutation]
  2001 | Lair:4   | HP: 4/99 [hippogriff (2)]
  2001 | Lair:4   | Slain by a wyvern

Action                   |  1- 3 |  4- 6 |  7- 9 | 10-12 || total
-------------------------+-------+-------+-------+-------++-------
Melee: Unarmed           |    67 |   117 |   182 |    61 ||   427
Throw: Tomahawk          |       |     2 |     6 |     8 ||    16
Evoke: Wand              |       |       |       |     5 ||     5
  Use: Scroll            |       |     5 |     4 |     5 ||    14
       Potion            |       |     1 |     2 |     3 ||     6
 Stab: Sleeping          |       |       |     3 |       ||     3
  Eat: Chunk             |       |    11 |     5 |     2 ||    18

Table legend:
 A = Turns spent in this place as a percentage of turns spent in the entire game.
 B = Non-inter-level travel turns spent in this place as a percentage of non-inter-level travel turns spent in the entire game.
 C = Inter-level travel turns spent in this place as a percentage of turns spent in this place.
 D = Turns resting spent in this place as a percentage of non-inter-level travel turns spent in this place.
 E = Turns spent auto-exploring this place as a percentage of non-inter-level travel turns spent in this place.
 F = Non-inter-level travel turns spent in this place divided by the number of levels of this place that you've seen.
                   A       B       C       D       E      F
               +-------+-------+-------+-------+-------+----------------------
         Total | 100.0 | 100.0 |   0.0 |   0.2 |   0.0 | 123.6
       Dungeon |  71.8 |  71.8 |   0.0 |   0.2 |   0.0 | 129.1
          Lair |  15.3 |  15.3 |   0.0 |   0.0 |   0.0 |  75.8
         Sewer |  12.9 |  12.9 |   0.0 |   0.0 |   0.0 | 255.0
               +-------+-------+-------+-------+-------+----------------------

Table legend:
 A = Kills in this place as a percentage of kills in entire the game.
 B = Kills by you in this place as a percentage of kills by you in the entire game.
 C = Kills by friends in this place as a percentage of kills by friends in the entire game.
 D = Other kills in this place as a percentage of other kills in the entire game.
 E = Experience gained in this place as a percentage of experience gained in the entire game.
 F = Experience gained in this place divided by the number of levels of this place that you have seen.
                   A       B       C       D       E      F
               +-------+-------+-------+-------+-------+----------------------
         Total | 100.0 | 100.0 |  -nan |  -nan | 100.0 | 635.2
       Dungeon |  73.4 |  73.4 |  -nan |  -nan |  61.0 | 563.8
          Lair |  13.0 |  13.0 |  -nan |  -nan |  38.4 | 975.5
         Sewer |  13.6 |  13.6 |  -nan |  -nan |   0.6 |  59.0
               +-------+-------+-------+-------+-------+----------------------
